 Dungeon Crawl Stone Soup version 0.30-b1-2-g02819fbbbe (webtiles) character file.

Game seed: 17318573788769964260

95 Hyawatha the Cudgeller (level 4, -2/27 HPs)
             Began as a Gargoyle Warper on May 8, 2023.
             Was a Believer of Makhleb.
             Killed from afar by an orc wizard (9 damage)
             ... with a puff of flame
             ... on level 4 of the Dungeon.
             The game lasted 00:12:39 (2751 turns).

Hyawatha the Cudgeller (Gargoyle Warper)            Turns: 2751, Time: 00:12:39

Health: -2/27      AC:  7    Str: 15    XL:     4   Next: 66%
Magic:  7/7        EV: 11    Int: 19    God:    Makhleb [**....]
Gold:   95         SH:  0    Dex:  9    Spells: 5/7 levels left

rFire   . . .        a - +1 mace
rCold   . . .        (no shield)
rNeg    + . .        b - +1 leather armour
rPois   ∞            (helmet restricted)
rElec   +            (no cloak)
rCorr   .            (no gloves)
SInv    .            (no boots)
Will    +....        m - amulet of the acrobat
Stlth   +            e - +6 ring of intelligence
HPRegen 0.24/turn    (no ring)
MPRegen 0.10/turn

%: acrobat
@: no status effects
A: sickness immunity, AC +3, negative energy resistance 1, electricity
resistance, torment resistance 1, petrification resistance, antennae 1, clumsy
1, high MP 1, strong-willed 1
a: Renounce Religion, Minor Destruction


You were on level 4 of the Dungeon.
You worshipped Makhleb.
Makhleb was pleased with you.
You visited 1 branch of the dungeon, and saw 4 of its levels.

You collected 95 gold pieces.

Inventory:

Hand Weapons
 a - a +1 mace (weapon)
Armour
 b - a +1 leather armour (worn)
 j - a +0 pair of boots
Jewellery
 e - a +6 ring of intelligence (left hand)
 f - an amulet of faith
 m - an amulet of the acrobat (around neck)
Scrolls
 c - a scroll of blinking
 i - 2 scrolls of teleportation
Potions
 d - a potion of lignification {unknown}
 g - a potion of curing {unknown}
 h - a potion of cancellation {unknown}
 k - a potion of berserk rage {unknown}
 l - a potion of brilliance {unknown}
 n - a potion of mutation


   Skills:
 * Level 2.8 Fighting
 * Level 3.0 Maces & Flails
 * Level 1.4 Throwing
 + Level 1.4 Armour
 * Level 2.0 Dodging
 * Level 1.4 Stealth
 + Level 2.1 Spellcasting
 + Level 2.8 Translocations
 * Level 0.5 Invocations


You had 5 spell levels left.
You knew the following spells:

 Your Spells              Type           Power      Damage    Failure   Level
a - Blink                 Tloc           24%        N/A       10%         2

Your spell library contained the following spells:

 Spells                   Type           Power      Damage    Failure   Level
 Lesser Beckoning         Tloc           24%        N/A       10%         2
 Teleport Other           Tloc           12%        N/A       19%         3
 Summon Small Mammal      Summ           8%         N/A       21%         1
 Vhi's Electric Charge    Tloc/Air       14%        N/A       34%         3
 Call Canine Familiar     Summ           2%         N/A       52%         3
 Summon Guardian Golem    Hex/Summ       2%         N/A       52%         3
 Manifold Assault         Tloc           12%        N/A       54%         4


Dungeon Overview and Level Annotations

Branches:
Dungeon (4/15)
 Temple: D:4-7

Altars:
Makhleb
Qazlal
The Shining One

Shops:
D:2 :

Annotations:
D:4 3 runed translucent doors, NimIero's ghost, amateur DrAE


Innate Abilities, Weirdness & Mutations

You are immune to sickness and miasma.
Your stone body is resilient. (AC +3)
You are immune to poison.
You resist negative energy. (rN+)
You are resistant to electric shocks. (rElec)
You are resistant to unholy torment.
You are immune to petrification.
You have a pair of small antennae on your head.
You are clumsy. (Dex -2)
You have an increased reservoir of magic. (+10% MP)
You are strong-willed. (Will+)


Message History

You bump into the rock wall.
Something hits you but does no damage.
You barely miss something. Something barely misses you.
You hit something but do no damage. Something hits you but does no damage.
Something hits you but does no damage.
You bump into the rock wall.
Something hits you but does no damage.
You closely miss something. Something hits you.
Something hits you but does no damage.
You bump into the rock wall.
Something hits you.
You closely miss something.
You feel less confused. Something hits you but does no damage.
You miss something. Something hits you but does no damage.
You closely miss something.
You hear some strange, mumbled words.
A puff of flame appears from out of thin air!
The puff of flame misses you.
You miss something. Something hits you. Something hits you but does no damage.
You completely miss something. Something hits you but does no damage.
You closely miss something. Something hits you but does no damage.
You barely miss something. Something hits you but does no damage.
You miss something. Something hits you.
You barely miss the orc wizard.
The orc wizard points at you and mumbles some strange words.
The magic dart hits you.
You barely miss the orc wizard.
The orc wizard hits you but does no damage.
You closely miss the orc wizard.
The orc wizard gestures wildly while chanting.
The orc wizard flickers and vanishes!
The orc wizard closely misses you.
The orc wizard hits you with a +2 dagger of venom.
You barely miss the orc wizard.
The orc wizard hits you with a +2 dagger of venom.
You hit the orc wizard but do no damage.
The orc wizard points at you and mumbles some strange words.
The puff of flame hits you!
* * * LOW HITPOINT WARNING * * *
You barely miss the orc wizard.
The orc wizard points at you and mumbles some strange words.
The puff of flame hits you!
You die... ######......# #.........#.# #.####.##o# # #.##.# #o##.######## #.##..ooooo{# oo#########{# oo#

#o# ..# #@#
#.## #### #.#
>....##.###.###
# #..........#
# ####.###...#
.# #.# .# .#
#.# .# #.# #
####.#


You could see an orc wizard and an orc.

Vanquished Creatures
  Terence (D:3)
  A gnoll (D:1)
  2 dart slugs (D:1)
  6 ball pythons
  7 bats
  3 endoplasms
  3 giant cockroaches
  3 goblins
  4 hobgoblins
  5 quokkas
  4 frilled lizards
  3 goblin zombies (D:3)
  2 hobgoblin zombies (D:3)
  2 kobolds
  2 kobold skeletons (D:3)
  5 orc skeletons (D:3)
  An orc zombie (D:3)
  6 rats
60 creatures vanquished.

Notes
Turn   | Place    | Note
-------+----------+-------------------------------------------
     0 | D:1      | Hyawatha the Gargoyle Warper began the quest for the Orb.
     0 | D:1      | Reached XP level 1. HP: 12/12 MP: 3/3
    61 | D:1      | Reached skill level 1 in Throwing
   230 | D:1      | Reached XP level 2. HP: 18/18 MP: 5/5
   497 | D:1      | Found a faded altar of an unknown god.
   504 | D:1      | Prayed at the altar of an unknown god.
   504 | D:1      | Became a worshipper of Makhleb the Destroyer
   504 | D:1      | Reached * piety under Makhleb
   656 | D:1      | Reached XP level 3. HP: 21/22 MP: 6/6
  1087 | D:1      | Reached skill level 1 in Stealth
  1466 | D:2      | Learned a level 2 spell: Blink
  1471 | D:2      | Found Xuel's Book Boutique.
  1498 | D:2      | Found a stormy altar of Qazlal.
  1912 | D:2      | Reached ** piety under Makhleb
  2144 | D:3      | Reached XP level 4. HP: 23/27 MP: 7/7
  2213 | D:3      | Noticed Terence
  2313 | D:3      | Found a glowing golden altar of the Shining One.
  2357 | D:3      | Killed Terence
  2358 | D:3      | Reached skill level 3 in Maces & Flails
  2481 | D:4      | Found a runed translucent gate.
  2483 | D:4      | Found a runed translucent gate.
  2483 | D:4      | Noticed an ogre
  2484 | D:4      | Found a runed translucent gate.
  2484 | D:4      | Noticed NimIero's ghost (amateur DrAE)
  2484 | D:4      | Noticed a kobold brigand
  2729 | D:4      | Gained mutation: You have an increased reservoir of magic.
                  | (+10% MP) [potion of mutation]
  2729 | D:4      | Gained mutation: You are clumsy. (Dex -2) [potion of
                  | mutation]
  2729 | D:4      | Gained mutation: You have a pair of small antennae on your
                  | head. [potion of mutation]
  2729 | D:4      | Gained mutation: You are strong-willed. (Will+) [potion of
                  | mutation]
  2751 | D:4      | Killed from afar by an orc wizard

Illustrated notes

Levels and vault maps discovered:
D:1:      dpeg_arrival_another_circle, layout_basic,
          ebering_ecumenical_altar_hall
D:2:      layout_basic, basic_altar, serial_shops, nicolae_diamond_shop
D:3:      layout_rooms, nicolae_tso_besieged_by_evil,
          gammafunk_ghost_stat_death, minmay_joined_circles, uniq_robin,
          uniq_terence
D:4:      layout_loops_ring, ashenzari_altar_1, gammafunk_ghost_split,
          corexii_leaking_fountain

Skill      XL: |  1  2  3  4 |
---------------+-------------+-----
Throwing       | 1 |  1.4
Stealth        | 1 |  1.4
Maces & Flails | 3 |  3.0
Dodging        | 2 |  2.0
Fighting       | |  2.8
Armour         | |  1.4
Spellcasting   | |  2.1
Translocations | |  2.8
Invocations    | |  0.5

Action                     |  1- 3 |  4- 6 || total
---------------------------+-------+-------++-------
  Melee: Mace              |   164 |    93 ||   257
  Throw: Boomerang         |     7 |       ||     7
    Use: Scroll            |     7 |     2 ||     9
         Potion            |       |     2 ||     2
 Armour: Leather armour    |   109 |    61 ||   170
  Dodge: Dodged            |   139 |    50 ||   189
